 Dungeon Crawl Stone Soup version 0.20.0-10-g0535bb4 (webtiles) character file.

6 Firecrotchwizard the Firebug (level 1, -2/14 HPs)
             Began as a Draconian Fire Elementalist on June 7, 2017.
             Slain by a kobold
             ... wielding a +0 short sword
              (4 damage)
             ... on level 1 of the Dungeon.
             The game lasted 00:01:34 (246 turns).

Firecrotchwizard the Firebug (DrFE)                  Turns: 246, Time: 00:01:35

Health: -2/14      AC:  4    Str: 10    XL:     1   Next: 75%
Magic:  2/3        EV: 12    Int: 15    God:
Gold:   0          SH:  0    Dex: 11    Spells: 3/4 levels left

rFire    + . .     SeeInvis .   c - +0 club
rCold    + . .     Gourm    .   (no shield)
rNeg     . . .     Faith    .   (armour unavailable)
rPois    +         Spirit   .   (helmet restricted)
rElec    +         Reflect  .   (no cloak)
rCorr    +         Harm     .   (no gloves)
MR       .....                  (no boots)
Stlth    ++........             (no amulet)
Regen    0.1/turn               (no ring)
MPRegen  0.1/turn               (no ring)

@: lethally poisoned (-2 -> -8), resistant, very slightly contaminated
A: unfitting armour, cold-blooded, AC +4
a: no special abilities


You were on level 1 of the Dungeon.
You were not hungry.

You visited 1 branch of the dungeon, and saw 1 of its levels.

Inventory:

Hand Weapons
 c - a +0 club (weapon)
   (You took it off a goblin on level 1 of the Dungeon)
Books
 a - a book of Flames
Comestibles
 b - a bread ration {@e1}
 d - 6 chunks of flesh {@w0}
 f - a royal jelly


   Skills:
 - Level 1.7 Dodging
 - Level 1.7 Stealth
 + Level 2.1 Spellcasting
 * Level 1.5 Conjurations
 + Level 3.0 Fire Magic


You had 3 spell levels left.
You knew the following spells:

 Your Spells              Type           Power        Failure   Level  Hunger
a - Flame Tongue          Conj/Fire      #....        9%          1    #......


Dungeon Overview and Level Annotations

Branches:
Dungeon (1/15)

Altars:


Innate Abilities, Weirdness & Mutations

Your plain brown scales are hard. (AC +4)
You cannot fit into any form of body armour.
You are cold-blooded and may be slowed by cold attacks.


Message History

A goblin comes into view. It is wielding a dagger.
Things that are here:
a club; a goblin corpse You butcher the goblin corpse.
Things that are here:
a club; 3 chunks of flesh {@w0}
c - a club
c - a +0 club (weapon)
The goblin shouts!
Aim: a goblin, wielding a dagger The flame tongue hits the goblin.
You kill the goblin!
You hear a splash.
You now have 2/3 mp.
You start resting.
MP restored: 3
d - 3 chunks of flesh {@w0}
e - a lumpy sapphire potion You enter the shallow water.
Moving in this stuff is going to be slow.
Things that are here:
a dagger; a goblin corpse You butcher the goblin corpse.
You hear a splash.
d - 6 chunks of flesh {@w0} (gained 3)
Things that are here:
a dagger; a goblin skeleton
There is an open door here.
A bat comes into view.
You can't see any susceptible monsters within range! (Use Z to cast anyway.)
You completely miss the bat. The bat hits you but does no damage.
The bat barely misses you.
Found a stone staircase leading down.
You miss the bat.
Your tail-slap misses the bat.
The bat barely misses you. The bat hits you but does no damage.
The bat misses you. The bat hits you but does no damage.
The bat completely misses you.
You hit the bat but do no damage. The bat barely misses you.
The bat barely misses you.
You hit the bat.
You kill the bat!
No target in view!
f - a royal jelly A kobold comes into view.
It is wielding a short sword of venom.
The kobold shouts!
The kobold moves out of view.
A kobold is nearby!
You can't see any susceptible monsters within range! (Use Z to cast anyway.) Unknown command.
The kobold hits you with a short sword of venom.
You are poisoned.
You take 1 damage, and have 13/14 hp.
You barely miss the kobold.
You feel sick.
The kobold hits you with a short sword of venom.
You are lethally poisoned!
You take 4 damage, and have 9/14 hp.
MASSIVE DAMAGE!!
Aim: a kobold, wielding a short sword of venom You miscast Flame Tongue.
You are very lightly contaminated with residual magic.
You feel uncomfortably hot.
You feel sick. The kobold barely misses you.
You take 1 damage, and have 8/14 hp.
You now have 2/3 mp.
Aim: a kobold, wielding a short sword of venom The flame tongue hits the kobold.
You kill the kobold!
You feel sick.
You take 1 damage, and have 7/14 hp.
You now have 1/3 mp.
You don't know that spell.
There is a lethal amount of poison in your body!
There is a lethal amount of poison in your body!
It was a potion of resistance.
You feel protected.
You feel sick.
You take 1 damage, and have 6/14 hp.
There is a lethal amount of poison in your body!
There is a lethal amount of poison in your body!
You feel sick.
You take 1 damage, and have 5/14 hp.
* * * LOW HITPOINT WARNING * * *
You feel sick.
A kobold comes into view. It is wielding a short sword.
You take 1 damage, and have 4/14 hp.
The kobold shouts!
* * * LOW HITPOINT WARNING * * *
You feel sick.
The kobold throws a stone.
The stone hits you but does no damage.
You take 1 damage, and have 3/14 hp.
The kobold throws a stone.
The stone hits you but does no damage.
* * * LOW HITPOINT WARNING * * *
You feel sick.
You take 1 damage, and have 2/14 hp.
You are too injured to fight recklessly!
You are too injured to fight recklessly!
The kobold barely misses you.
You hit the kobold but do no damage.
* * * LOW HITPOINT WARNING * * *
You feel sick. The kobold barely misses you. The kobold misses you.
You take 1 damage, and have 1/14 hp.
You hit the kobold. The kobold hits you with a short sword.
You die...

##.......#.# ##.##
>####..........###...#
....'.........+.......
.####..........###....
#........#.# ##.#.
##.#.....##.# ###.
#..##...###.# ##
##.####+## #.# #
#.(@K.# #.# #
#...)###.# #.# # #.##.
# #.# # # .. #.# # ##.
#.. # #. .### #. ....
#. #


You could see a kobold.

Vanquished Creatures
  2 goblins (D:1)
  2 kobolds (D:1)
  A bat (D:1)
5 creatures vanquished.

Notes
Turn   | Place    | Note
-------+----------+-------------------------------------------
     0 | D:1      | Firecrotchwizard the Draconian Fire Elementalist began the quest for the Orb.
     0 | D:1      | Reached XP level 1. HP: 14/14 MP: 3/3
   241 | D:1      | HP: 3/14 [poisoned by a kobold]
   245 | D:1      | HP: 1/14 [poisoned by a kobold]
   246 | D:1      | Slain by a kobold

Action                   || total
-------------------------++-------
Melee: Club              ||     7
 Cast: Flame Tongue      ||     6
  Use: Potion            ||     1
Armor: Skin              ||     4
Dodge: Dodged            ||    12

Vault maps used:
D:1:      minmay_arrival_nine_rooms, serial_bayou, serial_bayou_crossing,
          serial_bayou_pond_e, serial_bayou_pond_d, serial_bayou_ford_a

Table legend:
 A = Turns spent in this place as a percentage of turns spent in the entire game.
 B = Non-inter-level travel turns spent in this place as a percentage of non-inter-level travel turns spent in the entire game.
 C = Inter-level travel turns spent in this place as a percentage of turns spent in this place.
 D = Turns resting spent in this place as a percentage of non-inter-level travel turns spent in this place.
 E = Turns spent auto-exploring this place as a percentage of non-inter-level travel turns spent in this place.
 F = Non-inter-level travel turns spent in this place divided by the number of levels of this place that you've seen.
                   A       B       C       D       E      F
               +-------+-------+-------+-------+-------+----------------------
         Total | 100.0 | 100.0 |   0.0 |   7.7 |   9.0 |  78.0
       Dungeon | 100.0 | 100.0 |   0.0 |   7.7 |   9.0 |  78.0
               +-------+-------+-------+-------+-------+----------------------

Table legend:
 A = Kills in this place as a percentage of kills in entire the game.
 B = Kills by you in this place as a percentage of kills by you in the entire game.
 C = Kills by friends in this place as a percentage of kills by friends in the entire game.
 D = Other kills in this place as a percentage of other kills in the entire game.
 E = Experience gained in this place as a percentage of experience gained in the entire game.
 F = Experience gained in this place divided by the number of levels of this place that you have seen.
                   A       B       C       D       E      F
               +-------+-------+-------+-------+-------+----------------------
         Total | 100.0 | 100.0 |  -nan |  -nan | 100.0 |   9.0
       Dungeon | 100.0 | 100.0 |  -nan |  -nan | 100.0 |   9.0
               +-------+-------+-------+-------+-------+----------------------
